 Dungeon Crawl Stone Soup version 0.25-a0-632-g7713895373 (webtiles) character file.

Game seed: 12804751645089475981, levelgen mode: deterministic

922 kae the Ruffian (level 7, 0/59 HPs)
             Began as a Black Draconian Transmuter on Mar 19, 2020.
             Slain by a sky beast (5 damage)
             ... on level 6 of the Dungeon.
             The game lasted 00:03:56 (5081 turns).

kae the Ruffian (Black Draconian Transmuter)        Turns: 5081, Time: 00:03:57

Health: 0/59       AC:  2    Str: 12    XL:     7   Next: 84%
Magic:  11/13      EV: 19    Int: 16    God:
Gold:   34         SH:  0    Dex: 16    Spells: 8/14 levels left

rFire    . . .     SeeInvis .     - Unarmed
rCold    . . .     Gourm    .   (shield currently unavailable)
rNeg     . . .     Faith    .   (armour unavailable)
rPois    x         Spirit   .   (helmet currently unavailable)
rElec    .         Reflect  .   (cloak currently unavailable)
rCorr    .         Harm     .   (gloves currently unavailable)
MR       .....                  (boots currently unavailable)
Stlth    +.........             (no amulet)
HPRegen  0.19/turn              (no ring)
MPRegen  0.13/turn              (no ring)

@: spider-form
A: tiny, (breathe lightning), unfitting armour, AC +6
a: End Transformation


You were on level 6 of the Dungeon.
You were not hungry.
You were a venomous arachnid creature.
You visited 1 branch of the dungeon, and saw 6 of its levels.

You collected 234 gold pieces.
You spent 200 gold pieces at shops.

Inventory:

Missiles
 a - 101 arrows
Wands
 m - a wand of digging (6)
Scrolls
 h - a scroll of fear
 k - 2 scrolls of remove curse
 n - a scroll of teleportation
Potions
 b - a potion of magic {unknown}
 d - a potion of brilliance
 e - 2 potions of stabbing
 f - 2 potions of curing
 g - a potion of heal wounds
 i - a potion of might {unknown}
 o - a potion of mutation
Comestibles
 c - 5 rations
 j - 2 chunks of flesh


   Skills:
 + Level 4.3 Fighting
 - Level 1.7 Dodging
 * Level 6.4 Unarmed Combat
 + Level 4.1 Spellcasting
 + Level 4.3 Transmutations


You had 8 spell levels left.
You knew the following spells:

 Your Spells              Type           Power        Failure   Level  Hunger
a - Beastly Appendage     Tmut           ###...       10%         1    None
b - Sticks to Snakes      Tmut           ###.....     13%         2    ##.....
c - Spider Form           Tmut/Pois      ##........   41%         3    ###....

Your spell library contained the following spells:

 Spells                   Type           Power        Failure   Level  Hunger
 Ice Form                 Ice/Tmut       ##......     77%         4    ####...
 Blade Hands              Tmut           ###.......   78%         5    ######.


Dungeon Overview and Level Annotations

Branches:
Dungeon (6/15)
 Temple: D:4-7

Altars:
Dithmenos
Qazlal
Trog
Vehumet
Xom
Yredelemnul

Shops:
D:4 *   D:5 !


Innate Abilities, Weirdness & Mutations

((You can breathe wild blasts of lightning.))
((Your glossy black scales are hard. (AC +6)))
You cannot fit into any form of body armour.
((You are resistant to electric shocks. (rElec)))
((You are cold-blooded and may be slowed by cold attacks.))


Message History

You butcher the bullfrog corpse.
Items here: % ) [ ÷÷ †
There is a stone staircase leading up here.
Casting: Beastly Appendage (safe; 2% risk of failure)
Confirm with . or Enter, or press ? or * to list all spells.
Your talons disappear.
You turn into a venomous arachnid creature.
The sky beast flickers out of sight!
Deactivating autopickup; reactivate with Ctrl-A.
Something hits you. Something shocks you.
You bite something! Something hits you. Something shocks you.
* * * LOW HITPOINT WARNING * * *
You hit something. Something hits you.
* * * LOW HITPOINT WARNING * * *
Something shocks you.
* * * LOW HITPOINT WARNING * * *
You closely miss something. Something hits you.
* * * LOW HITPOINT WARNING * * *
Something shocks you.
You die...

...♣
...♣.♣... ...
...PP♣.P$
##..
.........
...##........
#...........
#...........
#){.........
#s)........
#..........
##.......#.
#......##
........#
........##
..##....# ...
....#


There were no monsters in sight!

Vanquished Creatures
  An ogre (D:4)
  2 centaurs (D:5)
  2 bullfrogs (D:6)
  A scorpion (D:6)
  2 howler monkeys (D:4)
  2 orc wizards (D:5)
  A bullfrog skeleton (D:6)
  An iguana (D:5)
  A worker ant (D:3)
  A killer bee zombie (D:6)
  A hound skeleton (D:4)
  A worker ant zombie (D:5)
  4 adders
  6 gnolls
  An ooze (D:1)
  An adder zombie (D:6)
  2 leopard geckos
  16 orcs
  6 giant cockroaches
  4 goblins
  4 hobgoblins
  7 jackals
  5 kobolds
  A quokka (D:2)
  7 bats
  7 frilled lizards (D:1)
  A leopard gecko zombie (D:5)
  3 rats
91 creatures vanquished.

Vanquished Creatures (collateral kills)
  A phantom (D:4)
1 creature vanquished.

Grand Total: 92 creatures vanquished

Notes
Turn   | Place    | Note
-------+----------+-------------------------------------------
     0 | D:1      | kae the Draconian Transmuter began the quest for the Orb.
     0 | D:1      | Reached XP level 1. HP: 16/16 MP: 3/3
    36 | D:1      | Reached XP level 2. HP: 21/23 MP: 5/5
   640 | D:2      | Reached XP level 3. HP: 24/29 MP: 4/6
  1345 | D:2      | Found a shimmering altar of Xom.
  1348 | D:2      | Found a radiant altar of Vehumet.
  1351 | D:2      | Found a bloodstained altar of Trog.
  1401 | D:3      | Reached XP level 4. HP: 29/36 MP: 7/7
  1436 | D:3      | Learned a level 2 spell: Sticks to Snakes
  1440 | D:3      | Learned a level 3 spell: Spider Form
  1547 | D:3      | Reached skill level 4 in Unarmed Combat
  2350 | D:4      | Reached XP level 5. HP: 18/42 MP: 9/9
  2726 | D:4      | Noticed an ogre
  2734 | D:4      | Killed an ogre
  2930 | D:4      | Reached XP level 6. HP: 44/50 MP: 7/10
  3175 | D:4      | Found a basalt altar of Yredelemnul.
  3440 | D:4      | Reached skill level 5 in Unarmed Combat
  3833 | D:4      | Found Acoxi's General Store.
  3864 | D:4      | Bought a potion of mutation for 88 gold pieces
  3895 | D:5      | Entered Level 5 of the Dungeon
  4207 | D:5      | Your scales start taking on a glossy black colour.
  4207 | D:5      | Reached XP level 7. HP: 35/57 MP: 7/12
  4207 | D:5      | Gained mutation: You are resistant to electric shocks.
                  | (rElec) [Black Draconian growth]
  4600 | D:5      | Reached skill level 6 in Unarmed Combat
  4824 | D:5      | Found Humniod's Distillery.
  4831 | D:5      | Bought a potion of heal wounds for 70 gold pieces
  4831 | D:5      | Bought a potion of curing for 42 gold pieces
  4868 | D:5      | Found a stormy altar of Qazlal.
  4870 | D:5      | Found a shadowy altar of Dithmenos.
  5081 | D:6      | Slain by a sky beast

Levels and vault maps discovered:
D:1:      zelgadis_glass_arrival_small, layout_rooms, minmay_lizard_king
D:2:      layout_basic, grunt_temple_overflow_diamond, first_ration
D:3:      layout_loops_corners
D:4:      layout_basic, yredelemnul_altar_generic, serial_shops,
          nicolae_shop_crystal
D:5:      layout_loops_ring, gammafunk_temple_overflow_pools, serial_shops,
          shop, hangedman_decor_slide_cut, minmay_misc_feat_alley
D:6:      layout_cave_pools, temple_statues, basic_altar, serial_park,
          serial_park_tiny_pond, serial_park_gazebo
          [serial_park_minivault_5x5_6], serial_shops, shop,
          nicolae_shop_competitors_out_of_business, kennysheep_mini_moat,
          kennysheep_little_box, shop

Skill      XL: |  1  2  3  4  5  6  7 |
---------------+----------------------+-----
Fighting       | 2 3 4 |  4.3
Unarmed Combat | 4 5 6 |  6.4
Transmutations | 3 4 |  4.3
Spellcasting   | 3 4 |  4.1
Dodging        | |  1.7

Action                   |  1- 3 |  4- 6 |  7- 9 || total
-------------------------+-------+-------+-------++-------
Melee: Unarmed           |   110 |   148 |    79 ||   337
       Kick              |     7 |     3 |     4 ||    14
       Punch             |     1 |     1 |       ||     2
       Tailslap          |     6 |    10 |     7 ||    23
       Headbutt          |     5 |     9 |       ||    14
 Cast: Beastly Appendage |    15 |    15 |     3 ||    33
       Spider Form       |       |     8 |     3 ||    11
       Sticks to Snakes  |       |     6 |       ||     6
 Abil: Breathe Lightning |       |       |     2 ||     2
  Use: Scroll            |     5 |     6 |       ||    11
       Potion            |       |     1 |       ||     1
 Stab: Sleeping          |       |     1 |       ||     1
  Eat: Chunk             |     1 |     7 |     4 ||    12
       Ration            |       |     1 |       ||     1
Armor: Skin              |    40 |    34 |    15 ||    89
Dodge: Dodged            |    86 |    87 |    75 ||   248

Table legend:
 A = Non-vault XP
 B = Vault XP
 C = Vault XP percentage of total XP
 D = Non-vault monster count
 E = Vault monster count
 F = Vault count percentage of total count
                 A         B        C        D         E       F
            +---------+---------+-------+---------+---------+-------
      Total |    1309 |       9 |   0.7 |      85 |       7 |   7.6
            +---------+---------+-------+---------+---------+-------
        D:1 |      24 |       9 |  27.3 |      11 |       7 |  38.9
        D:2 |      48 |       0 |   0.0 |      16 |       0 |   0.0
        D:3 |      77 |       0 |   0.0 |      17 |       0 |   0.0
        D:4 |     406 |       0 |   0.0 |      11 |       0 |   0.0
        D:5 |     428 |       0 |   0.0 |      21 |       0 |   0.0
        D:6 |     326 |       0 |   0.0 |       9 |       0 |   0.0
            +---------+---------+-------+---------+---------+-------
